AoeStats
← Mf MelloMike

Arena

508646226Analyzed
4v4 RM · 10d ago on Sep 23, 2026· 42m 11s· 8 players
Game mode
Random Map
Map size
Large (8 player)
Population
200
Speed
Normal
Resources
Standard
Victory
Conquest
Starting age
Dark Age
Ending age
Imperial Age
RankedLock teamsTeams togetherTeam positionsShared explorationLock speedFull tech treeHidden civsTurbo modeCheats
Victory
Defeat
🇭🇰 Saxons · Hong Kong SAR China
1000
+11
🇹🇼 Celts · Taiwan
982
+12
🇨🇳 Danes · China
907
+15
🇦🇷 Spanish · Argentina
767
+20
🇳🇱 Persians · Netherlands
961
-18
🇩🇪 Varangians · Germany
902
-15
🇨🇳 Japanese · China
843
-13
🇺🇸 Khmer · United States
820
-12
Mf MelloMike
5:55 Loom
9:26 Feudal Age
12:47 Wheelbarrow
12:33 Double-Bit Axe
13:40 Gold Mining
14:00 Horse Collar
19:18 Castle Age
17:41 Stone Mining
22:00 Bow Saw
23:14 Fletching
30:00 Imperial Age
28:29 Heavy Plow
28:46 Forging
29:59 Bloodlines
30:29 Husbandry
31:17 Double Crossbow
34:36 Gold Shaft Mining
36:02 Elite Ballista Elephant
37:35 Ballistics
38:20 Chemistry
39:47 Scale Barding Armor
40:18 Iron Casting
39:33 Pikeman
Matze91
10:55 Feudal Age
12:26 Loom
15:11 Castle Age
15:54 Horse Collar
16:04 Double-Bit Axe
17:08 Heavy Plow
22:43 Bow Saw
24:07 Gold Mining
24:09 Stone Mining
29:49 Wheelbarrow
29:00 Town Watch
31:47 Imperial Age
30:59 Devotion
31:26 Ballistics
31:27 Caravan
32:12 Scale Barding Armor
32:18 Forging
32:18 Pikeman
32:59 Squires
33:58 Conscription
33:45 Husbandry
33:55 Bloodlines
33:54 Scale Mail Armor
34:32 Iron Casting
34:42 Chain Barding Armor
35:31 Chain Mail Armor
35:08 Fletching
35:18 Padded Archer Armor
34:56 Light Cavalry
37:20 Two-Man Saw
36:54 Crop Rotation
39:50 Plate Mail Armor
39:32 Elite Varangian Guard
39:34 Halberdier
40:53 Plate Barding Armor
40:05 Elite Jarl
43:00 Blast Furnace
prsdntsdghtr
10:40 Feudal Age
10:43 Loom
10:46 Loom
15:34 Castle Age
13:21 Double-Bit Axe
13:30 Horse Collar
15:02 Wheelbarrow
16:20 Bow Saw
17:24 Gold Mining
19:00 Gold Shaft Mining
21:06 Heavy Plow
23:52 Hand Cart
29:22 Imperial Age
26:57 Stone Mining
29:25 Stone Shaft Mining
29:31 Bloodlines
29:22 Husbandry
29:38 Bloodlines
29:04 Cavalier
29:46 Husbandry
32:04 Masonry
32:18 Savar
33:59 Conscription
34:12 Murder Holes
34:48 Architecture
38:52 Two-Man Saw
37:39 Town Watch
38:01 Light Cavalry
Kevin
0:28 Loom
12:17 Feudal Age
13:28 Double-Bit Axe
14:05 Horse Collar
16:45 Castle Age
23:37 Bow Saw
23:27 Heavy Plow
25:13 Stone Mining
26:57 Wheelbarrow
27:24 Forging
27:14 Scale Mail Armor
27:05 Fletching
27:16 Padded Archer Armor
27:57 Fortified Wall
28:09 Ballistics
27:44 Gold Mining
28:38 Hand Cart
28:08 Town Watch
29:24 Thumb Ring
29:32 Masonry
30:24 Iron Casting
29:44 Bodkin Arrow
29:54 Scale Barding Armor
30:08 Chain Mail Armor
31:01 Gold Shaft Mining
32:25 Leather Archer Armor
35:48 Imperial Age
33:26 Town Patrol
34:19 Scale Barding Armor
35:53 Heavy Cavalry Archer
36:58 Parthian Tactics
37:50 Bracer
38:21 Ring Archer Armor
38:23 Plate Mail Armor
38:53 Blast Furnace
39:29 Chemistry
38:35 Siege Engineers
39:17 Hoardings
39:13 Murder Holes
38:50 Onager
北賢龍
10:20 Feudal Age
10:01 Loom
11:45 Horse Collar
14:20 Castle Age
13:37 Double-Bit Axe
15:51 Bow Saw
16:32 Gold Mining
23:09 Wheelbarrow
24:57 Hand Cart
25:23 Stone Mining
26:25 Heavy Plow
27:29 Pikeman
33:02 Imperial Age
31:30 Scale Mail Armor
31:42 Forging
32:36 Chain Mail Armor
34:25 Iron Casting
33:11 Halberdier
34:40 Plate Mail Armor
35:45 Capped Ram
37:36 Blast Furnace
38:15 Gold Shaft Mining
38:16 Stone Shaft Mining
38:16 Arson
39:44 Siege Ram
慢即是快.
11:09 Feudal Age
10:05 Loom
16:25 Castle Age
23:51 Double-Bit Axe
28:02 Horse Collar
28:52 Bloodlines
28:42 Husbandry
29:03 Husbandry
29:35 Gold Mining
34:13 Imperial Age
32:23 Wheelbarrow
31:33 Town Watch
32:50 Bow Saw
33:29 Forging
33:24 Scale Barding Armor
34:14 Scale Barding Armor
34:46 Iron Casting
34:18 Cavalier
35:35 Caravan
36:40 Coinage
36:20 Guilds
37:14 Blast Furnace
36:35 Chain Barding Armor
35:54 Paladin
36:59 Masonry
38:03 Chemistry
37:26 Ballistics
37:07 Murder Holes
39:46 Hand Cart
39:31 Town Patrol
40:18 Banking
40:19 Heavy Plow
40:11 Stone Mining
41:30 Two-Man Saw
40:21 Sappers
41:11 Conscription
42:19 Bombard Tower
42:36 Architecture
TornToast5128
11:36 Feudal Age
15:20 Castle Age
13:11 Horse Collar
13:19 Double-Bit Axe
14:14 Stone Mining
19:14 Bow Saw
23:59 Wheelbarrow
25:11 Heavy Plow
26:07 Hand Cart
26:25 Gold Mining
30:27 Imperial Age
30:09 Forging
29:59 Scale Mail Armor
30:33 Arson
30:49 Squires
30:34 Gambesons
30:36 Elite Varangian Guard
32:09 Iron Casting
31:50 Chain Mail Armor
31:47 Shield Wall
32:52 Conscription
33:13 Gold Shaft Mining
35:49 Plate Mail Armor
One Shoulder 100KG
10:23 Feudal Age
12:12 Double-Bit Axe
12:09 Horse Collar
14:32 Castle Age
15:59 Bow Saw
21:32 Wheelbarrow
22:50 Gold Mining
23:21 Stone Mining
25:14 Hand Cart
28:32 Imperial Age
25:50 Loom
25:52 Town Watch
27:40 Squires
27:00 Pikeman
27:26 Arson
27:55 Forging
27:45 Scale Mail Armor
27:56 Town Patrol
28:34 Coinage
28:39 Heavy Plow
29:16 Gold Shaft Mining
29:18 Stone Shaft Mining
28:57 Onager
29:54 Siege Engineers
29:35 Halberdier
30:53 Iron Casting
30:40 Chain Mail Armor
30:59 Banking
30:53 Siege Onager
32:49 Blast Furnace
31:56 Caravan
34:49 Chemistry
34:13 Conscription
33:19 Northmen's Fury
40:31 Murder Holes
40:57 Ballistics
40:32 Fletching
Connection lost

Rejoining the realm…

Still unreachable

The connection could not be restored.

Session expired

The server has moved on; the page needs a fresh start.